 Dungeon Crawl Stone Soup version 0.27-a0-1123-g2f9bb313c0 (webtiles) character file.

Game seed: 7402280554078660140

95 Zeld the Skirmisher (level 4, -1/33 HPs)
             Began as an Octopode Fighter on May 3, 2021.
             Slain by Purgy (4 damage)
             ... on level 3 of the Dungeon.
             The game lasted 00:01:34 (1919 turns).

Zeld the Skirmisher (Octopode Fighter)              Turns: 1919, Time: 00:01:35

Health: -1/33      AC:  1    Str: 16    XL:     4   Next: 65%
Magic:  4/4        EV: 11    Int: 10    God:
Gold:   79         SH:  9    Dex: 11    Spells: 3/3 levels left

rFire    . . .     SeeInvis .   a - +0 war axe
rCold    . . .     Faith    .   b - +0 kite shield
rNeg     . . .     Spirit   .   (helmet restricted)
rPois    .         Reflect  .   (no amulet)
rElec    .         Harm     .   (no ring)
rCorr    .         Rampage  .   (no ring)
Will     .....                  (no ring)
Stlth    ++........             (no ring)
HPRegen  0.11/turn              (no ring)
MPRegen  0.09/turn              (no ring)
                                (no ring)
                                (no ring)

@: mighty
A: almost no armour, amphibious, 8 rings, camouflage 1, gelatinous body 1,
(nimble swimmer 1), tentacles
a: no special abilities


You were on level 3 of the Dungeon.
You visited 1 branch of the dungeon, and saw 3 of its levels.

You collected 79 gold pieces.

Inventory:

Hand Weapons
 a - a +0 war axe (weapon)
Armour
 b - a +0 kite shield (worn)
Scrolls
 d - 2 scrolls of identify {unknown}
 e - 2 scrolls of magic mapping {unknown}
 f - a scroll of vulnerability {unknown}


   Skills:
 * Level 3.9 Fighting
 * Level 3.1 Axes
 - Level 3.0 Dodging
 * Level 3.8 Shields


You had 3 spell levels left.
You didn't know any spells.
Your spell library contained the following spells:

 Spells                   Type           Power      Damage    Failure   Level
 Corona                   Hex            0%         N/A       85%         1
 Summon Small Mammal      Summ           0%         N/A       85%         1
 Call Imp                 Summ           0%         N/A       94%         2
 Ensorcelled Hibernation  Hex/Ice        0%         N/A       94%         2
 Call Canine Familiar     Summ           0%         N/A       99%         3
 Confusing Touch          Hex            0%         N/A       99%         3
 Dazzling Flash           Conj/Hex       0%         N/A       99%         3
 Summon Guardian Golem    Hex/Summ       0%         N/A       99%         3
 Tukima's Dance           Hex            0%         N/A       99%         3
 Summon Ice Beast         Ice/Summ       0%         N/A       100%        4
 Summon Lightning Spire   Summ/Air       0%         N/A       100%        4


Dungeon Overview and Level Annotations

Branches:
Dungeon (3/15)

Altars:

Annotations:
D:3 Purgy


Innate Abilities, Weirdness & Mutations

You cannot wear most types of armour.
You are amphibious.
You can wear up to eight rings at the same time.
Your skin changes colour to match your surroundings (Stealth+).
Your rubbery body absorbs attacks. (AC +1, EV +1)
((You are camouflaged near water. (Stealth+)))
You have tentacles for arms and can constrict up to eight enemies at once.


Message History

Purgy is heavily wounded.
Purgy barely misses you. Purgy closely misses you. You block Purgy's attack. x2
Purgy barely misses you. You block Purgy's attack.
You barely miss Purgy.
Purgy is moderately wounded.
Purgy bites you! Purgy misses you. You block Purgy's attack.
You are too injured to fight recklessly!
You are too injured to fight recklessly!
You are too injured to fight recklessly!
You slash Purgy!
Purgy is severely wounded.
You block Purgy's attack. Purgy claws you.
* * * LOW HITPOINT WARNING * * *
You block Purgy's attack. Purgy bites you.
* * * LOW HITPOINT WARNING * * *
You block Purgy's attack. Purgy closely misses you.
Press: ? - help, v - describe, . - travel
Here: Purgy (heavily wounded)
The floor, spattered with blood.
You closely miss Purgy.
Purgy is heavily wounded.
You block Purgy's attack. Purgy claws you.
* * * LOW HITPOINT WARNING * * *
You block Purgy's attack. Purgy closely misses you. Purgy barely misses you.
You block Purgy's attack.
Press: ? - help, v - describe, . - travel
Here: Purgy (heavily wounded)
The floor, spattered with blood.
You slash Purgy!
Purgy is almost dead.
Purgy barely misses you. You block Purgy's attack. Purgy claws you.
* * * LOW HITPOINT WARNING * * *
Unknown command.
Press: ? - help, v - describe, . - travel
Here: Purgy (severely wounded)
The floor, spattered with blood.
You barely miss Purgy.
Purgy is severely wounded.
Purgy closely misses you. Purgy claws you.
You die...

........##.## ##
........##.#
########...#
#########..######
..................
#######.########.#
###..# #...##
#@### #T# .(# #...
.... #.#..# ..#...
#....##


You could see Purgy.

Vanquished Creatures
  Jessica (D:2)
  Terence (D:2)
  A worm (D:2)
  2 dart slugs
  4 bats
  2 endoplasms (D:1)
  4 giant cockroaches
  A hobgoblin (D:1)
  2 jackals
  5 kobolds
  4 quokkas
  4 ball pythons
  2 frilled lizards
  A goblin (D:1)
  2 rats (D:1)
36 creatures vanquished.

Notes
Turn   | Place    | Note
-------+----------+-------------------------------------------
     0 | D:1      | Zeld the Octopode Fighter began the quest for the Orb.
     0 | D:1      | Reached XP level 1. HP: 16/16 MP: 1/1
   393 | D:1      | Reached XP level 2. HP: 21/21 MP: 2/2
   572 | D:1      | Found a faded altar of an unknown god.
   710 | D:1      | Reached XP level 3. HP: 20/26 MP: 3/3
  1379 | D:2      | Noticed Jessica
  1383 | D:2      | Killed Jessica
  1384 | D:2      | Reached XP level 4. HP: 33/33 MP: 4/4
  1595 | D:2      | Noticed Terence
  1601 | D:2      | Killed Terence
  1905 | D:3      | Noticed Purgy
  1919 | D:3      | Slain by Purgy

Illustrated notes

Levels and vault maps discovered:
D:1:      saegor_arrival_simple_c, layout_loops_ring, basic_ecumenical_altar
D:2:      layout_basic, uniq_jessica, uniq_terence
D:3:      due_chaos_kobolds, layout_rooms, uniq_purgy

Skill      XL: |  1  2  3  4 |
---------------+-------------+-----
Axes           | 3 |  3.1
Fighting       | |  3.9
Dodging        | |  3.0
Shields        | |  3.8

Action                   |  1- 3 |  4- 6 || total
-------------------------+-------+-------++-------
Melee: War axe           |    46 |    23 ||    69
       Tentacles         |     5 |     1 ||     6
       Constrict         |     7 |     1 ||     8
  Use: Potion            |       |     1 ||     1
 Stab: Sleeping          |    10 |     3 ||    13
Dodge: Dodged            |    23 |    18 ||    41
Block: Kite shield       |    23 |    25 ||    48

Table legend: (Time is in decaauts)
 A = Elapsed time spent in this place.
 B = Non-inter-level travel time spent in this place.
 C = Inter-level travel time spent in this place.
 D = Time resting spent in this place.
 E = Time spent auto-exploring this place.
 F = Levels seen in this place.
 G = Mean time per level.
                   A        B        C        D        E       F      G
               +--------+--------+--------+--------+--------+-----+--------+
         Total |   1959 |   1909 |     50 |      0 |   1623 |   3 |  653.0 |
       Dungeon |   1959 |   1909 |     50 |      0 |   1623 |   3 |  653.0 |
               +--------+--------+--------+--------+--------+-----+--------+

Top non-repeatable levels by time:
     D:1: 1104 daAuts
     D:2: 761 daAuts
     D:3: 93 daAuts
